 Dungeon Crawl Stone Soup version 0.19.1-1-g22dce08 (webtiles) character file.

294 markt42 the Cudgeler (level 6, 0/38 HPs)
             Began as a Gargoyle Fighter on Jan 1, 2017.
             Slain by an ogre
             ... wielding a +0 giant club
              (21 damage)
             ... on level 4 of the Dungeon.
             The game lasted 00:02:35 (2839 turns).

markt42 the Cudgeler (Gargoyle Fighter)             Turns: 2839, Time: 00:02:36

Health: 0/38       AC: 11    Str: 22    XL:     6   Next: 34%
Magic:  6/6        EV:  8    Int:  8    God:
Gold:   72         SH:  9    Dex:  9    Spells: 0 memorised, 5 levels left

rFire  . . .     SeeInvis .     a - +0 flail
rCold  . . .     Gourm    .     b - +0 scale mail
rNeg   + . .     Faith    .     c - +0 shield
rPois  ∞         Spirit   .     (no helmet)
rElec  +         Reflect  .     (no cloak)
rCorr  .         Harm     .     (no gloves)
MR     .....                    (no boots)
Stlth  ..........               (no amulet)
                                (no ring)
                                (no ring)

@: no status effects
A: negative energy resistance 1, electricity resistance, unbreathing,
petrification resistance, rot immunity, AC +4
a: no special abilities


You were on level 4 of the Dungeon.
You were very hungry.

You visited 1 branch of the dungeon, and saw 4 of its levels.

You collected 72 gold pieces.

Inventory:

Hand Weapons
 a - a +0 flail (weapon)
Armour
 b - a +0 scale mail (worn)
 c - a +0 shield (worn)
Wands
 s - a wand of slowing (11/48)
Scrolls
 e - 9 scrolls of identify {unknown}
 h - 5 scrolls of remove curse {unknown}
 i - 2 scrolls of magic mapping {unknown}
 j - 2 scrolls of teleportation {unknown}
 n - 2 scrolls of fear {unknown}
 o - 2 scrolls of enchant armour {unknown}
 p - a scroll of noise {unknown}
 r - a scroll of amnesia {unknown}
 t - a scroll of recharging {unknown}
Potions
 d - 2 potions of might
 k - 3 potions of agility {unknown}
 l - a potion of brilliance {unknown}
 q - 2 potions of flight {unknown}
Comestibles
 f - 3 bread rations
 g - 2 beef jerkies
 m - 2 meat rations


   Skills:
 + Level 3.7 Fighting
 * Level 5.0 Maces & Flails
 + Level 4.0 Armour
 + Level 1.0 Dodging
 + Level 4.4 Shields


You had 5 spell levels left.
You didn't know any spells.

Dungeon Overview and Level Annotations

Branches:
Dungeon (4/15)
 Temple: D:4-7

Altars:


Innate Abilities, Weirdness & Mutations

You are resistant to torment.
Your stone body is resilient. (AC +4)
You are immune to poison.
You resist negative energy. (rN+)
You are resistant to electric shocks. (rElec)
You can survive without breathing.
You are immune to petrification.
You are immune to rotting.


Message History

You hit the jackal but do no damage.
The jackal bites you but does no damage.
The howler monkey hoots and howls with incredible vigour!
You are feeling very hungry.
You hit the jackal.
The jackal is lightly wounded.
The jackal bites you but does no damage. x2
You closely miss the jackal.
The jackal is lightly wounded.
You block the jackal's attack. x2
You sock the jackal!
You kill the jackal!
The ogre hits you with a giant club!
You thump the ogre!
The ogre is moderately wounded.
You hit the ogre.
The ogre is heavily wounded.
The ogre hits you with a giant club!!
Ouch! That really hurt!
You die...

.## #.........#
#...# #.........#
###.# #.........#
#...#
#.........###.###
#.........##..#
##.......###.##
##.....##...#
#####....###
#@#### ######O#
##.....h##
##........##
#..h.......#
...........#
..............#
...............
#..........####


You could see an ogre and a howler monkey.

Vanquished Creatures
  An ice beast (D:4)
  A howler monkey (D:4)
  A hound (D:4)
  5 adders
  An ooze (D:1)
  4 worms
  2 dart slugs
  A leopard gecko (D:2)
  3 orcs (D:3)
  6 bats
  3 giant cockroaches
  10 goblins
  6 hobgoblins
  12 jackals
  A quokka (D:3)
  8 frilled lizards
  4 kobolds
  7 rats
76 creatures vanquished.

Notes
Turn   | Place    | Note
-------+----------+-------------------------------------------
     0 | D:1      | markt42 the Gargoyle Fighter began the quest for the Orb.
     0 | D:1      | Reached XP level 1. HP: 14/14 MP: 1/1
   220 | D:1      | Reached XP level 2. HP: 19/19 MP: 2/2
   533 | D:1      | Reached XP level 3. HP: 21/23 MP: 3/3
  1220 | D:2      | Reached skill level 3 in Maces & Flails
  1447 | D:2      | Reached XP level 4. HP: 25/28 MP: 4/4
  2578 | D:4      | Noticed an ice beast
  2593 | D:4      | Killed an ice beast
  2593 | D:4      | Reached skill level 4 in Maces & Flails
  2593 | D:4      | Reached XP level 5. HP: 18/32 MP: 5/5
  2783 | D:4      | Reached XP level 6. HP: 35/38 MP: 6/6
  2820 | D:4      | Reached skill level 5 in Maces & Flails
  2820 | D:4      | Reached skill level 1 in Dodging
  2839 | D:4      | Slain by an ogre

Skill      XL: |  1  2  3  4  5  6 |
---------------+-------------------+-----
Maces & Flails | 3 4 5 |  5.0
Shields        | 4 |  4.4
Armour         | 4 |  4.0
Dodging        | 1 |  1.0
Fighting       | |  3.7

Action                   |  1- 3 |  4- 6 || total
-------------------------+-------+-------++-------
Melee: Flail             |   170 |   197 ||   367
  Eat: Chunk             |     2 |     4 ||     6
Armor: Scale mail        |   103 |    95 ||   198
Dodge: Dodged            |    65 |    55 ||   120
Block: Shield            |    83 |    97 ||   180
